APP
BALTIMORE (APP) ORIOLES @ ELIZABETHTON TWINS
08/21/2048
 
TOP OF THE 1ST
Baltimore (APP) Orioles batting - Pitching for Elizabethton Twins : RHP Olegário Salsinha
Pitching: RHP Olegário Salsinha
Batting: RHB Ruben Domingues 0-0: Ball
1-0: Fly out, F7 (Flyball, 7, EV 80.6 MPH)
Batting: LHB Xue-liang Zhou 0-0: Ball
1-0: Ball
2-0: Foul Ball, location: 2F
2-1: Ball
3-1: Base on Balls
Batting: LHB Jeremy Nuzzo 0-0: Fielders Choice at 2nd, 6-4 (Groundball, 56, EV 78.1 MPH)
Batting: SHB Eric Kelley 0-0: Fly out, F8 (Line Drive, 8RD, EV 95.0 MPH)
Top of the 1st over - 0 runs, 0 hits, 0 errors, 1 left on base; Baltimore (APP) 0 - Elizabethton 0
BOTTOM OF THE 1ST
Elizabethton Twins batting - Pitching for Baltimore (APP) Orioles : RHP Bob Bychyk
Pitching: RHP Bob Bychyk
Batting: RHB Fhil Mikrakin 0-0: Ball
1-0: Ball
2-0: Called Strike
2-1: Called Strike
2-2: Strikes out swinging
Batting: RHB Josh Harmon 0-0: Called Strike
0-1: SINGLE (Line Drive, 3D, EV 95.6 MPH)
Batting: SHB Nadhir Umayr 0-0: Ball
1-0: SINGLE (Groundball, 56D, EV 98.1 MPH)
Josh Harmon to second
Batting: LHB David Ramos 0-0: Ball
1-0: Ball
2-0: Ball
3-0: Base on Balls
Josh Harmon to third
Nadhir Umayr to second
Batting: RHB Nestor Moreno 0-0: SINGLE (Flyball, 6D, EV 95.0 MPH)
Josh Harmon scores
Nadhir Umayr to third
David Ramos to second
Batting: RHB Kenny Reynolds 0-0: Ball
1-0: Ball
2-0: Ball
Passed Ball!
Nadhir Umayr scores
David Ramos to third
Nestor Moreno to second
3-0: Base on Balls
Batting: SHB Rodrigo Mendoza 0-0: Ball
1-0: Called Strike
1-1: Ball
2-1: Ball
3-1: Foul Ball, location: 2F
3-2: Base on Balls
David Ramos scores
Nestor Moreno to third
Kenny Reynolds to second
Batting: LHB Joey Zamora 0-0: Grounds into double play, 4-6-3 (Groundball, 34, EV 88.8 MPH)
Bottom of the 1st over - 3 runs, 3 hits, 0 errors, 2 left on base; Baltimore (APP) 0 - Elizabethton 3
TOP OF THE 2ND
Baltimore (APP) Orioles batting - Pitching for Elizabethton Twins : RHP Olegário Salsinha
Batting: RHB C.J. Wells 0-0: Called Strike
0-1: Ball
1-1: Foul Ball, location: 2F
1-2: Fly out, F4 (Popup, 4M, EV 55.6 MPH)
Batting: LHB Chris Cohen 0-0: Ball
1-0: Called Strike
1-1: Foul Ball, location: 2F
1-2: Ball
2-2: Ball
3-2: Foul Ball, location: 2F
3-2: Foul Ball, location: 2F
3-2: Base on Balls
Batting: RHB Juan Eyrich 0-0: Ball
1-0: Ball
2-0: SINGLE (Groundball, 4S, EV 75.6 MPH) (infield hit)
Chris Cohen to second
Batting: LHB Edwin Cabral 0-0: Ball
Wild Pitch!
Chris Cohen to third
Juan Eyrich to second
1-0: Ball
2-0: Ball
3-0: Base on Balls
Batting: LHB Ivan Alvarez 0-0: Called Strike
0-1: Ball
1-1: Foul Ball, location: 2F
1-2: Fly out, F7 (Line Drive, 7D, EV 104.4 MPH)
Runner from 3rd tags up, SCORES, no throw by LF
Juan Eyrich to third
Batting: RHB Ruben Domingues 0-0: Ground out 4-3 (Groundball, 4MS, EV 81.2 MPH)
Top of the 2nd over - 1 run, 1 hit, 0 errors, 2 left on base; Baltimore (APP) 1 - Elizabethton 3
BOTTOM OF THE 2ND
Elizabethton Twins batting - Pitching for Baltimore (APP) Orioles : RHP Bob Bychyk
Batting: RHB Hisao Takei 0-0: Ball
1-0: Foul Ball, location: 2F
1-1: Ball
2-1: Fly out, F8 (Flyball, 8RD, EV 105.0 MPH)
Batting: RHB Fhil Mikrakin 0-0: Called Strike
0-1: Ball
1-1: Called Strike
1-2: Foul Ball, location: 2F
1-2: Ball
2-2: Foul Ball, location: 2F
2-2: Ball
3-2: Foul Ball, location: 2F
3-2: SINGLE (Groundball, 34D, EV 108.1 MPH)
Batting: RHB Josh Harmon 0-0: Ball
1-0: Foul Ball, location: 2F
1-1: Called Strike
1-2: Ball
Wild Pitch!
Fhil Mikrakin to second
2-2: Foul Ball, location: 2F
2-2: Ball
3-2: Reached on error, E6 (Groundball, 6M, EV 86.2 MPH)
Fhil Mikrakin to third
Batting: SHB Nadhir Umayr 0-0: Ball
Josh Harmon is caught stealing 2nd base 2-6
1-0: Ball
2-0: Foul Ball, location: 2F
2-1: Ball
3-1: Foul Ball, location: 2F
3-2: Base on Balls
Batting: LHB David Ramos 0-0: SINGLE (Groundball, 5D, EV 98.8 MPH)
Fhil Mikrakin scores
Nadhir Umayr to second
Runner from 2nd tries for 3rd, OUT! 7-5
Bottom of the 2nd over - 1 run, 2 hits, 1 error, 1 left on base; Baltimore (APP) 1 - Elizabethton 4
TOP OF THE 3RD
Baltimore (APP) Orioles batting - Pitching for Elizabethton Twins : RHP Olegário Salsinha
Batting: LHB Xue-liang Zhou 0-0: Ball
1-0: Ball
2-0: Called Strike
2-1: Ground out 4-3 (Groundball, 4, EV 83.1 MPH)
Batting: LHB Jeremy Nuzzo 0-0: Ball
1-0: Called Strike
1-1: Called Strike
1-2: Hit by Pitch
Batting: SHB Eric Kelley 0-0: Ball
1-0: Foul Ball, location: 2F
1-1: Ball
2-1: Ball
3-1: Foul Ball, location: 2F
3-2: Base on Balls
Jeremy Nuzzo to second
Batting: RHB C.J. Wells 0-0: Ball
1-0: Called Strike
1-1: Foul Ball, location: 2F
1-2: Strikes out swinging
Batting: LHB Chris Cohen 0-0: Ball
1-0: Called Strike
1-1: Ball
2-1: Foul Ball, location: 2F
2-2: Foul Ball, location: 2F
2-2: Ball
3-2: Foul Ball, location: 2F
3-2: Strikes out swinging
Top of the 3rd over - 0 runs, 0 hits, 0 errors, 2 left on base; Baltimore (APP) 1 - Elizabethton 4
BOTTOM OF THE 3RD
Elizabethton Twins batting - Pitching for Baltimore (APP) Orioles : RHP Bob Bychyk
Batting: RHB Nestor Moreno 0-0: Ball
1-0: Called Strike
1-1: SINGLE (Flyball, 78S, EV 88.8 MPH)
Batting: RHB Kenny Reynolds 0-0: Called Strike
Nestor Moreno steals 2nd base (no throw)
0-1: Called Strike
0-2: Foul Ball, location: 2F
0-2: Ball
1-2: Ball
2-2: Strikes out swinging
Batting: SHB Rodrigo Mendoza 0-0: Ball
1-0: Fly out, F8 (Flyball, 8LXD, EV 94.4 MPH)
Runner from 2nd tags up, SAFE at 3rd, no throw by CF
Batting: LHB Joey Zamora 0-0: Called Strike
0-1: Ball
1-1: Ball
2-1: Ball
3-1: Called Strike
3-2: Base on Balls
Batting: RHB Hisao Takei 0-0: Ball
1-0: Ball
2-0: Ball
3-0: Called Strike
3-1: Fly out, F7 (Flyball, 7D, EV 89.4 MPH)
Bottom of the 3rd over - 0 runs, 1 hit, 0 errors, 2 left on base; Baltimore (APP) 1 - Elizabethton 4
TOP OF THE 4TH
Baltimore (APP) Orioles batting - Pitching for Elizabethton Twins : RHP Olegário Salsinha
Batting: RHB Juan Eyrich 0-0: Ball
1-0: SOLO HOME RUN (Flyball, 78XD, EV 103.1 MPH), Distance : 388 ft
Batting: LHB Edwin Cabral 0-0: Foul Ball, location: 2F
0-1: Swinging Strike
0-2: Ball
1-2: Strikes out swinging
Batting: LHB Ivan Alvarez 0-0: Ground out 5-3 (Groundball, 5, EV 80.6 MPH)
Batting: RHB Ruben Domingues 0-0: Called Strike
0-1: Ball
1-1: Ball
2-1: Fly out, F7 (Line Drive, 7D, EV 86.2 MPH)
Top of the 4th over - 1 run, 1 hit, 0 errors, 0 left on base; Baltimore (APP) 2 - Elizabethton 4
BOTTOM OF THE 4TH
Elizabethton Twins batting - Pitching for Baltimore (APP) Orioles : RHP Bob Bychyk
Batting: RHB Fhil Mikrakin 0-0: Fly out, F5 (Popup, 5SF, EV 82.5 MPH)
Batting: RHB Josh Harmon 0-0: DOUBLE (Groundball, 3L, EV 104.4 MPH)
Batting: SHB Nadhir Umayr 0-0: Ball
1-0: Called Strike
1-1: Foul Ball, location: 2F
1-2: Strikes out swinging
Batting: LHB David Ramos 0-0: Ball
1-0: Fly out, F8 (Flyball, 8LXD, EV 91.9 MPH)
Bottom of the 4th over - 0 runs, 1 hit, 0 errors, 1 left on base; Baltimore (APP) 2 - Elizabethton 4
TOP OF THE 5TH
Baltimore (APP) Orioles batting - Pitching for Elizabethton Twins : RHP Olegário Salsinha
Batting: LHB Xue-liang Zhou 0-0: Called Strike
0-1: Ball
1-1: Ball
2-1: Foul Ball, location: 2F
2-2: Ball
3-2: Foul Ball, location: 2F
3-2: Foul Ball, location: 2F
3-2: Foul Ball, location: 2F
3-2: Strikes out swinging
Batting: LHB Jeremy Nuzzo 0-0: Called Strike
0-1: Ball
1-1: Ball
2-1: Ball
3-1: Base on Balls
Pitching: RHP Takeru Inoue
Batting: SHB Eric Kelley 0-0: Foul Ball, location: 2F
0-1: Ball
1-1: Ball
2-1: Fielders Choice at 2nd, 4-6 (Groundball, 4, EV 85.6 MPH)
Batting: RHB C.J. Wells 0-0: Ball
1-0: Swinging Strike
1-1: Ball
2-1: Ball
3-1: Foul Ball, location: 2F
3-2: Base on Balls
Eric Kelley to second
Batting: LHB Chris Cohen 0-0: Ball
1-0: Ball
2-0: Ball
3-0: Base on Balls
Eric Kelley to third
C.J. Wells to second
Batting: RHB Juan Eyrich 0-0: Foul Ball, location: 2F
0-1: Swinging Strike
0-2: Strikes out swinging
Top of the 5th over - 0 runs, 0 hits, 0 errors, 3 left on base; Baltimore (APP) 2 - Elizabethton 4
BOTTOM OF THE 5TH
Elizabethton Twins batting - Pitching for Baltimore (APP) Orioles : RHP Bob Bychyk
Batting: RHB Nestor Moreno 0-0: Ball
1-0: Called Strike
1-1: Ball
2-1: SOLO HOME RUN (Flyball, 78XD, EV 100.6 MPH), Distance : 390 ft
Pitching: RHP Dave Shenton
Batting: RHB Kenny Reynolds 0-0: Ball
1-0: Ball
2-0: Called Strike
2-1: Ball
3-1: Base on Balls
Batting: SHB Rodrigo Mendoza 0-0: Ball
1-0: Called Strike
1-1: Foul Ball, location: 2F
1-2: Ball
2-2: 2-RUN HOME RUN (Flyball, 9LD, EV 95.0 MPH), Distance : 353 ft
Batting: LHB Joey Zamora 0-0: Ground out 6-3 (Groundball, 6, EV 81.9 MPH)
Batting: RHB Hisao Takei 0-0: Ball
1-0: Called Strike
1-1: SOLO HOME RUN (Line Drive, 7D, EV 99.4 MPH), Distance : 402 ft
Batting: RHB Fhil Mikrakin 0-0: Ball
1-0: SOLO HOME RUN (Flyball, 7LD, EV 95.0 MPH), Distance : 342 ft
Pitching: LHP Ryan Watkins
Batting: RHB Josh Harmon 0-0: Ball
1-0: Called Strike
1-1: SINGLE (Line Drive, 78M, EV 93.8 MPH)
Batting: SHB Nadhir Umayr 0-0: Ball
1-0: Swinging Strike
1-1: Ball
Wild Pitch!
Josh Harmon to second
2-1: Ground out 6-3 (Groundball, 6S, EV 75.6 MPH)
Josh Harmon to third
Batting: LHB David Ramos 0-0: Called Strike
0-1: Ball
1-1: Ball
2-1: Swinging Strike
2-2: Strikes out looking
Bottom of the 5th over - 5 runs, 5 hits, 0 errors, 1 left on base; Baltimore (APP) 2 - Elizabethton 9
TOP OF THE 6TH
Baltimore (APP) Orioles batting - Pitching for Elizabethton Twins : RHP Takeru Inoue
Batting: LHB Edwin Cabral 0-0: Ball
1-0: Called Strike
1-1: Swinging Strike
1-2: Ball
2-2: Foul Ball, location: 2F
2-2: Foul Ball, location: 2F
2-2: Strikes out swinging
Batting: LHB Ivan Alvarez 0-0: Ball
1-0: Ball
2-0: Ball
3-0: Base on Balls
Batting: RHB Ruben Domingues 0-0: Swinging Strike
0-1: Ball
1-1: Foul Ball, location: 2F
1-2: Ball
2-2: Strikes out swinging
Batting: LHB Xue-liang Zhou 0-0: Called Strike
0-1: Ball
1-1: Foul Ball, location: 2F
1-2: Foul Ball, location: 2F
1-2: Strikes out swinging
Top of the 6th over - 0 runs, 0 hits, 0 errors, 1 left on base; Baltimore (APP) 2 - Elizabethton 9
BOTTOM OF THE 6TH
Elizabethton Twins batting - Pitching for Baltimore (APP) Orioles : LHP Ryan Watkins
Batting: RHB Nestor Moreno 0-0: Ball
1-0: Ball
2-0: Called Strike
2-1: Ball
3-1: Called Strike
3-2: Base on Balls
Batting: RHB Kenny Reynolds 0-0: Called Strike
Nestor Moreno steals 2nd base
0-1: Hit by Pitch
Batting: SHB Rodrigo Mendoza 0-0: Ball
1-0: Foul Ball, location: 2F
1-1: Foul Ball, location: 2F
1-2: Strikes out swinging
Batting: LHB Joey Zamora 0-0: Called Strike
0-1: Foul Ball, location: 2F
0-2: Ball
1-2: Strikes out swinging
Batting: RHB Hisao Takei 0-0: Ball
1-0: Called Strike
1-1: Foul Ball, location: 2F
1-2: Strikes out swinging
Bottom of the 6th over - 0 runs, 0 hits, 0 errors, 2 left on base; Baltimore (APP) 2 - Elizabethton 9
TOP OF THE 7TH
Baltimore (APP) Orioles batting - Pitching for Elizabethton Twins : RHP Takeru Inoue
Batting: LHB Jeremy Nuzzo 0-0: Called Strike
0-1: Foul Ball, location: 2F
0-2: Ball
1-2: Ball
2-2: Ball
3-2: Strikes out looking
Pitching: LHP Mike Horton
Batting: SHB Eric Kelley 0-0: Ball
1-0: Swinging Strike
1-1: Ball
2-1: Ball
3-1: Called Strike
3-2: Base on Balls
Batting: RHB C.J. Wells 0-0: Grounds into double play, 5-4-3 (Groundball, 5, EV 83.1 MPH)
Top of the 7th over - 0 runs, 0 hits, 0 errors, 0 left on base; Baltimore (APP) 2 - Elizabethton 9
BOTTOM OF THE 7TH
Elizabethton Twins batting - Pitching for Baltimore (APP) Orioles : LHP Ryan Watkins
Batting: RHB Fhil Mikrakin 0-0: Ball
1-0: Swinging Strike
1-1: Foul Ball, location: 2F
1-2: Strikes out swinging
Batting: RHB Josh Harmon 0-0: Ball
1-0: Called Strike
1-1: Called Strike
1-2: Ball
2-2: Foul Ball, location: 2F
2-2: Foul Ball, location: 2F
2-2: Ball
3-2: SINGLE (Groundball, 56D, EV 83.1 MPH) (infield hit)
Pitching: RHP Xavier Martin
Batting: SHB Nadhir Umayr 0-0: Foul Ball, location: 2F
0-1: Swinging Strike
0-2: Ball
1-2: Hit by Pitch
Josh Harmon to second
Pinch Hitting: RHB Jorge Corte 0-0: Foul Ball, location: 2F
0-1: Foul Ball, location: 2F
0-2: Ball
1-2: Ball
2-2: Strikes out looking
Batting: RHB Nestor Moreno 0-0: Called Strike
0-1: Fly out, F8 (Flyball, 8LD, EV 93.1 MPH)
Bottom of the 7th over - 0 runs, 1 hit, 0 errors, 2 left on base; Baltimore (APP) 2 - Elizabethton 9
TOP OF THE 8TH
Baltimore (APP) Orioles batting - Pitching for Elizabethton Twins : LHP Mike Horton
Now in RF: Raul Aldaz
Batting: LHB Chris Cohen 0-0: Ball
1-0: Ball
2-0: Foul Ball, location: 2F
2-1: Swinging Strike
2-2: Ball
3-2: DOUBLE (Line Drive, 7LD, EV 110.0 MPH)
Batting: RHB Juan Eyrich 0-0: Foul Ball, location: 2F
0-1: Fly out, F3 (Popup, 3SF, EV 86.9 MPH)
Pinch Hitting: RHB Minoru Matsumoto 0-0: Foul Ball, location: 2F
0-1: Called Strike
0-2: Foul Ball, location: 2F
0-2: Strikes out swinging
Pinch Hitting: RHB Dou-wan Pan 0-0: Fly out, F9 (Flyball, 9LMF, EV 91.9 MPH)
Top of the 8th over - 0 runs, 1 hit, 0 errors, 1 left on base; Baltimore (APP) 2 - Elizabethton 9
BOTTOM OF THE 8TH
Elizabethton Twins batting - Pitching for Baltimore (APP) Orioles : RHP Xavier Martin
Now at 2B: Imbart van Rens
Now at SS: Dou-wan Pan
Batting: RHB Kenny Reynolds 0-0: Ball
1-0: SINGLE (Line Drive, 9LS, EV 100.6 MPH)
Batting: SHB Rodrigo Mendoza 0-0: Ball
1-0: Ball
2-0: Fielders Choice at 2nd, 3-6 (Groundball, 34S, EV 81.9 MPH)
Batting: LHB Joey Zamora 0-0: Ball
1-0: Ball
2-0: Foul Ball, location: 2F
2-1: Ball
3-1: Base on Balls
Rodrigo Mendoza to second
Batting: RHB Hisao Takei 0-0: Called Strike
0-1: Foul Ball, location: 2F
0-2: Ball
1-2: Ball
2-2: Ball
3-2: Foul Ball, location: 2F
3-2: Base on Balls
Rodrigo Mendoza to third
Joey Zamora to second
Batting: RHB Fhil Mikrakin 0-0: Foul Ball, location: 2F
0-1: Ball
1-1: Called Strike
1-2: Ball
2-2: Ball
3-2: Strikes out swinging
Batting: RHB Josh Harmon 0-0: Called Strike
0-1: Ball
1-1: Ball
2-1: Fly out, F7 (Flyball, 78S, EV 96.2 MPH)
Bottom of the 8th over - 0 runs, 1 hit, 0 errors, 3 left on base; Baltimore (APP) 2 - Elizabethton 9
TOP OF THE 9TH
Baltimore (APP) Orioles batting - Pitching for Elizabethton Twins : LHP Mike Horton
Batting: RHB Ruben Domingues 0-0: Called Strike
0-1: Called Strike
0-2: Ball
1-2: Strikes out swinging
Batting: LHB Xue-liang Zhou 0-0: Ball
1-0: Ground out U3 (Groundball, 13, EV 81.2 MPH)
Batting: LHB Jeremy Nuzzo 0-0: Called Strike
0-1: TRIPLE (Flyball, 89XD, EV 97.5 MPH)
Batting: SHB Eric Kelley 0-0: Called Strike
0-1: Ball
1-1: Ball
2-1: DOUBLE (Groundball, 3L, EV 106.9 MPH)
Jeremy Nuzzo scores
Batting: RHB C.J. Wells 0-0: DOUBLE (Line Drive, 7LD, EV 110.0 MPH)
Eric Kelley scores
Batting: LHB Chris Cohen 0-0: Foul Ball, location: 2F
0-1: Ball
1-1: Ground out 6-3 (Groundball, 6M, EV 84.4 MPH)
Top of the 9th over - 2 runs, 3 hits, 0 errors, 1 left on base; Baltimore (APP) 4 - Elizabethton 9
Tuesday, March 28th , 2023 - OOTP Baseball 23.10 Build 110